 Dungeon Crawl Stone Soup version 0.29.1-1-gd02db6906a (webtiles) character file.

Game seed: 17812598361663961589

254 wingedge the Trooper (level 5, 42/42 HPs)
             Began as a Mummy Wanderer on Sept 22, 2022.
             Was a Follower of Okawaru.
             Quit the game on level 3 of the Dungeon.
             The game lasted 00:21:25 (3414 turns).

wingedge the Trooper (Mummy Wanderer)               Turns: 3414, Time: 00:21:26

Health: 42/42      AC:  8    Str: 18    XL:     5   Next: 91%
Magic:  8/8        EV: 11    Int: 11    God:    Okawaru [*.....]
Gold:   214        SH:  0    Dex: 11    Spells: 4/8 levels left

rFire   x . .      SeeInvis .   a - +0 dagger (speed)
rCold   + . .      Faith    .   (no shield)
rNeg    + + +      Spirit   .   e - +0 leather armour
rPois   ∞          Reflect  .   (no helmet)
rElec   .          Harm     .   h - +0 cloak
rCorr   .          Rampage  .   p - +0 pair of gloves
Will    .....                   o - +2 pair of boots
Stlth   +.........              n - amulet of the acrobat
HPRegen 0.14/turn               (no ring)
MPRegen 0.11/turn               (no ring)

@: no status effects
A: cold resistance 1, negative energy resistance 3, torment resistance 2, heat
vulnerability 1, in touch with death 1, no potions
a: Renounce Religion, Heroism


You were on level 3 of the Dungeon.
You worshipped Okawaru.
Okawaru was aware of your devotion.
You visited 1 branch of the dungeon, and saw 3 of its levels.

You collected 214 gold pieces.

Inventory:

Hand Weapons
 a - a +0 dagger of speed (weapon)
 b - a +0 sling
 c - a +0 hand axe
 d - a +3 dagger
Missiles
 g - a curare-tipped dart
Armour
 e - a +0 leather armour (worn)
 h - a +0 cloak (worn)
 j - a +0 ring mail
 o - a +2 pair of boots (worn)
 p - a +0 pair of gloves (worn)
 q - a +0 scale mail of cold resistance
Jewellery
 n - an amulet of the acrobat (around neck)
Scrolls
 f - 4 scrolls of identify
 i - a scroll of torment
 k - 2 scrolls of poison {unknown}
 l - a scroll of blinking {unknown}
 m - a scroll of amnesia {unknown}


   Skills:
 - Level 4.0 Fighting
 - Level 2.2 Axes
 - Level 3.2 Throwing
 - Level 2.0 Spellcasting
 + Level 3.5 Summonings
 - Level 1.0 Evocations


You had 4 spell levels left.
You knew the following spells:

 Your Spells              Type           Power      Damage    Failure   Level
a - Summon Small Mammal   Summ           32%        N/A       8%          1
b - Call Canine Familiar  Summ           8%         N/A       24%         3

Your spell library contained the following spells:

 Spells                   Type           Power      Damage    Failure   Level
 Summon Guardian Golem    Hex/Summ       Unusable   N/A       N/A         3

Dungeon Overview and Level Annotations

Branches:
Dungeon (3/15)

Altars:
Okawaru

Shops:
D:2 :!!*


Innate Abilities, Weirdness & Mutations

You are immune to poison.
Your flesh is cold resistant. (rC+)
You are immune to negative energy. (rN+++)
You are immune to unholy pain and torment.
You are vulnerable to heat. (rF-)
You are in touch with the powers of death.
You do not drink.


Message History

Confirm with . or Enter, or press ? or * to list all spells.
Your bat hits the hobgoblin. You barely miss the hobgoblin.
The hobgoblin is moderately wounded.
The hobgoblin hits you but does no damage.
You hit the hobgoblin.
You kill the hobgoblin!
Your magical contamination has completely faded away.
Magic restored.
Found a smoky clear potion.
Your bat disappears in a puff of smoke! x2
Found 2 black potions and a scale mail.
A spectral goblin comes into view.
A spectral goblin is nearby!
Casting: Summon Small Mammal (safe; 8% risk of failure)
Confirm with . or Enter, or press ? or * to list all spells.
Okay, then.
Found a faded altar of an unknown god.
Casting: Summon Small Mammal (safe; 8% risk of failure)
Confirm with . or Enter, or press ? or * to list all spells.
You completely miss the spectral goblin.
The spectral goblin barely misses you.
You hit the spectral goblin.
The spectral goblin is severely damaged.
Your rat barely misses the spectral goblin.
The spectral goblin hits you but does no damage.
You hit the spectral goblin.
You destroy the spectral goblin!
You open the gate.
There is an open gate here.
You enter the shallow water.
Moving in this stuff is going to be slow.
There is a faded altar of an unknown god here.
You cannot tell which god this altar belongs to.
Convert to them anyway?
Okawaru accepts your prayer! Okawaru welcomes you!
Your summoned allies are dismissed!
You can now gain great but temporary skills.
Your rat disappears in a puff of smoke!
Are you sure you want to abandon this character and quit the game? (Confirm with "yes".)

#########..####.....
###.........!##.......
#~~~~....~#[###.##...#
#.~~'''#~~..##..#.....
#.##~~.~~##~.##....._..
#~.~~..~~..##..#.....
#~~~§~~~#~..##(##...#
~~##~~~.~~~#~~~##.......
#~~.~.@..~~.#..........
#8~#######~8#~###......
.~#~ ~## #.##### ~.. ~
#. .. . #


There were no monsters in sight!

Vanquished Creatures
  Sigmund (D:3)
  Ijyb (D:3)
  An adder (D:2)
  A worm (D:2)
  A dart slug (D:1)
  9 endoplasms
  2 giant cockroaches (D:1)
  3 hobgoblins
  6 jackals
  A quokka (D:2)
  A ball python (D:2)
  3 bats
  A frilled lizard (D:2)
  4 goblins
  5 kobolds
  4 rats
  A spectral goblin (D:3)
45 creatures vanquished.

Vanquished Creatures (collateral kills)
  An adder (D:3)
  An orc (D:3)
2 creatures vanquished.

Grand Total: 47 creatures vanquished

Notes
Turn   | Place    | Note
-------+----------+-------------------------------------------
     0 | D:1      | wingedge the Mummy Wanderer began the quest for the Orb.
     0 | D:1      | wingedge set off with the following items: a +3 dagger, 4
                  | curare-tipped darts, a +0 hand axe, a scroll of fear, a +0
                  | leather armour.
     0 | D:1      | Reached XP level 1. HP: 18/18 MP: 1/1
    88 | D:1      | Reached skill level 1 in Spellcasting
   351 | D:1      | Reached XP level 2. HP: 22/24 MP: 3/3
   968 | D:2      | Reached skill level 4 in Fighting
   968 | D:2      | Gained mutation: You are in touch with the powers of death.
                  | [Mummy growth]
   968 | D:2      | Reached XP level 3. HP: 30/30 MP: 4/4
  1132 | D:2      | Found Wihau's Distillery.
  1202 | D:2      | Found Viryhis's Distillery.
  1613 | D:2      | Found Hodghoatt's Book Emporium.
  1840 | D:2      | Found Cuxkewa's Assorted Antiques.
  1985 | D:2      | Learned a level 1 spell: Summon Small Mammal
  2360 | D:3      | Reached XP level 4. HP: 37/37 MP: 6/6
  2471 | D:3      | Noticed Ijyb
  2562 | D:3      | Killed Ijyb
  2563 | D:3      | Reached skill level 1 in Summonings
  2801 | D:3      | Noticed Sigmund
  2803 | D:3      | Found an iron altar of Okawaru.
  3251 | D:3      | Killed Sigmund
  3252 | D:3      | Reached XP level 5. HP: 31/42 MP: 5/8
  3332 | D:3      | Learned a level 3 spell: Call Canine Familiar
  3397 | D:3      | Found a faded altar of an unknown god.
  3413 | D:3      | Prayed at the altar of an unknown god.
  3413 | D:3      | Became a worshipper of Warmaster Okawaru
  3413 | D:3      | Reached * piety under Okawaru
  3414 | D:3      | Quit the game

Illustrated notes

Levels and vault maps discovered:
D:1:      dpeg_arrival_rooms_with_view, layout_loops_cross, st_stairs_10,
          minmay_pentomino_p2
D:2:      layout_loops_ring, serial_shops, shop_fountains,
          nicolae_shop_temple_entry_statues_fountains,
          nicolae_shop_competitors_out_of_business, nicolae_shop_statue_plus
D:3:      minmay_recursive_quarters, layout_loops_ring, okawaru_gym_becter,
          dreamdust_ecumenical_altar_drowned_temple, uniq_sigmund, uniq_ijyb

Skill      XL: |  1  2  3  4 |
---------------+-------------+-----
Spellcasting   | 1 2 |  2.0
Fighting       | 4 |  4.0
Axes           | 2 |  2.2
Summonings     | 3 |  3.5
Throwing       | |  3.2
Evocations     | |  1.0

Action                   |  1- 3 |  4- 6 || total
-------------------------+-------+-------++-------
Melee: Dagger            |   132 |    51 ||   183
       Punch             |     2 |     2 ||     4
 Fire: Sling             |    19 |       ||    19
Throw: Dart              |    13 |     4 ||    17
       Stone             |     1 |       ||     1
 Cast: Summon Small Mamm |     2 |    13 ||    15
  Use: Scroll            |     1 |     1 ||     2
Armor: Leather armour    |    17 |    14 ||    31
       Ring mail         |    30 |       ||    30
Dodge: Dodged            |    70 |    58 ||   128
